 Dungeon Crawl Stone Soup version 0.20.1-1-g8b1a95d (webtiles) character file.

221 Liatris the Skirmisher (level 5, 0/42 HPs)
             Began as a Demonspawn Abyssal Knight on Aug 11, 2017.
             Was a Believer of Lugonu.
             Slain by a phantom (1 damage)
             ... on level 3 of the Dungeon.
             The game lasted 00:14:04 (2733 turns).

Liatris the Skirmisher (Demonspawn Abyssal Knight)  Turns: 2733, Time: 00:14:05

Health: 0/42       AC: 10    Str: 14    XL:     5   Next: 65%
Magic:  7/7        EV:  6    Int: 13    God:    Lugonu [**....]
Gold:   94         SH:  3    Dex: 12    Spells: 4/4 levels left

rFire    + . .     SeeInvis .   a - +2 falchion
rCold    . . .     Gourm    .   g - +0 buckler
rNeg     + . .     Faith    .   d - +0 chain mail
rPois    .         Spirit   .   (no helmet)
rElec    .         Reflect  .   (no cloak)
rCorr    .         Harm     .   j - +0 pair of gloves
MR       .....                  (no boots)
Stlth    ..........             (no amulet)
Regen    0.2/turn               i - ring of positive energy
MPRegen  0.1/turn               k - ring of loudness (curse)

@: lethally poisoned (0 -> -1)
A: fire resistance 1
a: Depart the Abyss, Bend Space, Renounce Religion


You were on level 3 of the Dungeon.
You worshipped Lugonu.
Lugonu was pleased with you.
You were full.

You visited 1 branch of the dungeon, and saw 4 of its levels.
You visited the Abyss 1 time.

You collected 94 gold pieces.

Inventory:

Hand Weapons
 a - a +2 falchion (weapon)
 e - a cursed -3 hand axe
Armour
 b - a +0 leather armour
 d - a +0 chain mail (worn)
 g - a +0 buckler (worn)
 j - a +0 pair of gloves (worn)
Jewellery
 i - a ring of positive energy (left hand)
 k - a cursed ring of loudness (right hand)
Wands
 l - a wand of random effects (12/48)
Scrolls
 m - a scroll of noise {unknown}
Comestibles
 c - 2 bread rations
 h - a meat ration


   Skills:
 + Level 4.2 Fighting
 + Level 3.4 Long Blades
 + Level 2.9 Armour
 + Level 1.5 Dodging
 + Level 0.3 Shields
 + Level 2.7 Invocations


You had 4 spell levels left.
You didn't know any spells.

Dungeon Overview and Level Annotations

Branches:
Dungeon (4/15)
 Temple: D:4-7

Altars:


Innate Abilities, Weirdness & Mutations

Your flesh is heat resistant. (rF+)


Message History

There is a lethal amount of poison in your body!
* * * LOW HITPOINT WARNING * * *
You feel sick.
You see here a killer bee corpse.
* * * LOW HITPOINT WARNING * * *
You feel sick.
* * * LOW HITPOINT WARNING * * *
You feel sick.
* * * LOW HITPOINT WARNING * * *
You feel sick.
You hit the phantom.
The phantom is lightly damaged.
The phantom closely misses you.
* * * LOW HITPOINT WARNING * * *
You feel sick. You block the phantom's attack.
The phantom hits you but does no damage.
There is a stone staircase leading down, spattered with blood here.
* * * LOW HITPOINT WARNING * * *
You feel sick. The phantom hits you.
You die...

..........# #.#####...####....#.
....###...####.(...#############.
....# #....................# ###.
....# #....................# #...
....# #....................###.#.
...## #...............)........##
...# #....................######
...# #....................# #...
...#######.....W@...<......# #.##
...#................##########'##
...#................# #.........
.###.......########## #.........
.###.......# #.........
.#...####### #.........
.#...########## ########.........
.#............# #................
.#............# #.........#######


You could see a phantom.

Vanquished Creatures
  A killer bee (D:3)
  A bullfrog skeleton (D:4)
  Ijyb (D:3)
  7 adders
  2 worms (D:3)
  2 leopard geckos
  A ball python (D:2)
  8 bats
  4 giant cockroaches
  7 goblins
  3 hobgoblins
  A jackal (D:3)
  2 quokkas (D:3)
  4 frilled lizards
  8 kobolds
  5 rats
57 creatures vanquished.

Notes
Turn   | Place    | Note
-------+----------+-------------------------------------------
     0 | Abyss:1  | Liatris the Demonspawn Abyssal Knight began the quest for the Orb.
     0 | Abyss:1  | Reached XP level 1. HP: 18/18 MP: 2/2
     0 | D:1      | Escaped the Abyss
    49 | D:1      | Reached * piety under Lugonu
   242 | D:1      | Gained mutation: Your flesh is heat resistant. (rF+) [demonic ancestry]
   242 | D:1      | Reached XP level 2. HP: 19/24 MP: 3/3
   591 | D:2      | Reached skill level 1 in Dodging
   859 | D:2      | Reached XP level 3. HP: 30/30 MP: 4/4
  1762 | D:3      | Reached skill level 4 in Fighting
  1861 | D:3      | Reached ** piety under Lugonu
  1905 | D:3      | Reached XP level 4. HP: 36/37 MP: 4/6
  2437 | D:3      | Noticed Ijyb
  2466 | D:3      | Killed Ijyb
  2491 | D:3      | Reached XP level 5. HP: 41/42 MP: 7/7
  2686 | D:4      | Noticed a phantom
  2727 | D:3      | HP: 2/42 [poisoned by a killer bee]
  2733 | D:3      | HP: 1/42 [poisoned by a killer bee]
  2733 | D:3      | Slain by a phantom

Skill      XL: |  1  2  3  4 |
---------------+-------------+-----
Long Blades    | 2 3 |  3.4
Dodging        | 1 |  1.5
Armour         | 2 |  2.9
Fighting       | 4 |  4.2
Shields        | |  0.3
Invocations    | |  2.7

Action                   |  1- 3 |  4- 6 || total
-------------------------+-------+-------++-------
Melee: Falchion          |   104 |   114 ||   218
Invok: Depart the Abyss  |     1 |       ||     1
Evoke: Wand              |       |     3 ||     3
  Use: Potion            |     5 |     2 ||     7
       Scroll            |     4 |       ||     4
  Eat: Meat ration       |     1 |     1 ||     2
Armor: Chain mail        |    58 |   107 ||   165
       Leather armour    |     2 |       ||     2
Dodge: Dodged            |    47 |    38 ||    85
Block: Buckler           |       |    22 ||    22
       Rpst.: Falchion   |    12 |    12 ||    24
